 Dungeon Crawl Stone Soup version 0.19.0-9-gfd783f2 (webtiles) character file.

4 AAAAA the Grasshopper (level 1, -2/14 HPs)
             Began as an Octopode Warper on Nov 7, 2016.
             Slain by a hobgoblin (4 damage)
             ... on level 1 of the Dungeon.
             The game lasted 00:00:39 (108 turns).

AAAAA the Grasshopper (Octopode Warper)              Turns: 108, Time: 00:00:39

Health: -2/14      AC:  1    Str: 12    XL:     1   Next: 70%
Magic:  3/3        EV: 13    Int: 15    God:
Gold:   14         SH:  0    Dex: 11    Spells: 0 memorised, 4 levels left

rFire  . . .     SeeInvis .       - Unarmed
rCold  . . .     Gourm    .     (no shield)
rNeg   . . .     Faith    .     (helmet restricted)
rPois  .         Spirit   .     (no amulet)
rElec  .         Reflect  .     h - +2 ring of strength
rCorr  .         Harm     .     (no ring)
MR     .....                    (no ring)
Stlth  +++.......               (no ring)
                                (no ring)
                                (no ring)
                                (no ring)
                                (no ring)

@: no status effects
A: almost no armour, stealthy swim, amphibious, 8 rings, constrict 8, camouflage
1, gelatinous body 1
a: no special abilities


You were on level 1 of the Dungeon.
You were not hungry.

You visited 1 branch of the dungeon, and saw 2 of its levels.

You collected 14 gold pieces.

Inventory:

Missiles
 c - 5 tomahawks of dispersal (quivered)
Jewellery
 h - a +2 ring of strength (left tentacle)
Scrolls
 b - a scroll of blinking
 e - a scroll of enchant armour {unknown}
 f - a scroll of fear {unknown}
 i - a scroll of teleportation {unknown}
Books
 a - a book of Spatial Translocations

   Spells                             Type                      Level
   a - Blink                          Translocation                2
   b - Shroud of Golubria             Charms/Translocation         2
   c - Lesser Beckoning               Translocation                3
   d - Portal Projectile              Translocation                3
   e - Teleport Other                 Translocation                3
   f - Passage of Golubria            Translocation                4
Comestibles
 d - a bread ration
 g - a meat ration


   Skills:
 - Level 2.0 Fighting
 - Level 1.0 Throwing
 - Level 2.3 Dodging
 + Level 1.9 Stealth
 - Level 2.0 Unarmed Combat
 - Level 2.0 Spellcasting
   Level 3.0 Translocations


You had 4 spell levels left.
You didn't know any spells.

Dungeon Overview and Level Annotations

Branches:
Dungeon (2/15)

Altars:


Innate Abilities, Weirdness & Mutations

You cannot wear most types of armour.
You are very stealthy in the water. (Stealth+)
You are amphibious.
You can wear up to eight rings at the same time.
You can use your tentacles to constrict eight enemies at once.
Your skin changes colour to match your surroundings (Stealth+).
Your rubbery body absorbs attacks. (AC +1, EV +1)


Message History

Okay, then.
j - a gluggy blue potion The kobold throws a stone.
The stone hits you but does no damage. The hobgoblin hits you.
* * * LOW HITPOINT WARNING * * *
The hobgoblin barely misses you. The hobgoblin hits you.
* * * LOW HITPOINT WARNING * * *
The kobold throws a stone.
The stone hits you.
* * * LOW HITPOINT WARNING * * *
A jackal comes into view.
You see here a stone.
The jackal barks!
Found a runed leather armour.
It was a potion of magic.
Magic courses through your body.
The jackal barks!
The hobgoblin barely misses you.
A rat comes into view.
The hobgoblin hits you.
You die...

......h...#.##.#.# #####.#
..#.....###.# ...# #.#
.....#=.# #.# ##.#### #.#
...#.#..# #.# #.....# #.#
.......h###.###.....#####.#####
.............##.....#.........#
##[#...####..##...............#
#..... #..h.r...##.........#
#..##. #...rg@#............#
#.# #. #.####.#............# #.
## #.# #.###.......#### # #.#
#.####.####.# #.# #.##.†)†.##.#
..# #.#.#8≈8#.#.# #. ###.#≈≈≈#
#.# #.#8≈8# .# #.#≈≈≈# #


You could see a jackal, a hobgoblin and 2 rats.

Vanquished Creatures
  A giant cockroach (D:1)
  A goblin (D:1)
  3 rats (D:1)
5 creatures vanquished.

Notes
Turn   | Place    | Note
-------+----------+-------------------------------------------
     0 | D:1      | AAAAA the Octopode Warper began the quest for the Orb.
     0 | D:1      | Reached XP level 1. HP: 14/14 MP: 3/3
    16 | D:1      | Reached skill level 1 in Stealth
   108 | D:1      | Slain by a hobgoblin

Skill      XL: |  1 |
---------------+----+-----
Stealth        | 1 |  1.9
Fighting       | |  2.0
Throwing       | |  1.0
Dodging        | |  2.3
Unarmed Combat | |  2.0
Spellcasting   | |  2.0
Translocations | |  3.0

Action                   || total
-------------------------++-------
Melee: Unarmed           ||    11
       Constrict         ||     3
       Tentacles         ||     1
  Use: Potion            ||     1
 Stab: Sleeping          ||     1
Dodge: Dodged            ||    13
